 Dungeon Crawl Stone Soup version 0.20.0-4-g10b340a (webtiles) character file.

94 valhalheru the Shield-Bearer (level 4, -3/40 HPs)
             Began as a Hill Orc Fighter on May 27, 2017.
             Killed from afar by Sigmund (6 damage)
             ... with a magic dart
             ... on level 2 of the Dungeon.
             The game lasted 00:05:07 (1519 turns).

valhalheru the Shield-Bearer (Hill Orc Fighter)     Turns: 1519, Time: 00:05:07

Health: -3/40      AC: 11    Str: 17 (19) XL:     4   Next: 63%
Magic:  4/4        EV:  5    Int:  7 (8)  God:
Gold:   87         SH:  0    Dex:  7 (10) Spells: 3/3 levels left

rFire    . . .     SeeInvis .   m - -2 whip (curse)
rCold    . . .     Gourm    .   c - +0 shield
rNeg     . . .     Faith    .   e - +1 chain mail
rPois    .         Spirit   .   g - +0 helmet
rElec    .         Reflect  .   (no cloak)
rCorr    .         Harm     .   (no gloves)
MR       .....                  (no boots)
Stlth    ..........             (no amulet)
Regen    0.2/turn               (no ring)
MPRegen  0.1/turn               (no ring)

@: confused
A: no striking features
a: no special abilities


You were on level 2 of the Dungeon.
You were not hungry.

You visited 1 branch of the dungeon, and saw 2 of its levels.

You collected 87 gold pieces.

Inventory:

Hand Weapons
 a - a +0 rapier
 i - a -3 dagger
 m - a cursed -2 whip (weapon)
Missiles
 b - 3 tomahawks (quivered)
Armour
 c - a +0 shield (worn)
 e - a +1 chain mail (worn)
 g - a +0 helmet (worn)
Scrolls
 h - 2 scrolls of teleportation
Potions
 d - a potion of might
 j - a potion of degeneration
 l - a potion of brilliance {unknown}
Comestibles
 f - 2 bread rations


   Skills:
 + Level 4.1 Fighting
 + Level 2.6 Short Blades
 + Level 4.1 Armour
 + Level 0.4 Dodging
 + Level 0.1 Stealth
 + Level 4.2 Shields


You had 3 spell levels left.
You didn't know any spells.

Dungeon Overview and Level Annotations

Branches:
Dungeon (2/15)

Altars:
Hepliaklqana
Vehumet

Annotations:
D:2 Sigmund


Message History

You closely miss something. Something hits you.
* * * LOW HITPOINT WARNING * * *
You block the rat's attack.
Your shield and chain mail prevent you from hitting something.
You block the rat's attack.
You hear some strange, mumbled words.
You are confused.
You bump into the rock wall.
The rat bites you but does no damage. Something hits you but does no damage.
You miss something. The rat barely misses you.
You completely miss something.
You hear some strange, mumbled words.
You are more confused.
The rat bites you but does no damage. Something hits you!
* * * LOW HITPOINT WARNING * * *
A worm comes into view.
You closely miss something.
The rat bites you but does no damage. x2
A magic dart appears from out of thin air!
The magic dart hits you!
You die...

##.## ...# ##
.w. .. ... #
#. #.##.# #.
#... ##.
#.####r####.#
######..
#...{.@.....#
#.......
######..#####
#.####.# ##.#
#.# ##.# #.#
##.###... #.#
##...##..#
#.#
#..#.....#
#.#
#....###.#
##########.#
#.#.## #.#
#..........#
#...# #.#


You could see a worm and a rat.

Vanquished Creatures
  Jessica (D:2)
  Robin (D:2)
  2 dart slugs (D:1)
  2 leopard geckos (D:1)
  A giant cockroach (D:1)
  19 goblins
  7 hobgoblins
  4 bats (D:1)
  A frilled lizard (D:1)
  5 kobolds
  5 rats
48 creatures vanquished.

Vanquished Creatures (others)
  2 oozes (D:2)
2 creatures vanquished.

Grand Total: 50 creatures vanquished

Notes
Turn   | Place    | Note
-------+----------+-------------------------------------------
     0 | D:1      | valhalheru the Hill Orc Fighter began the quest for the Orb.
     0 | D:1      | Reached XP level 1. HP: 19/19 MP: 1/1
   130 | D:1      | Reached XP level 2. HP: 25/27 MP: 2/2
   274 | D:1      | Reached XP level 3. HP: 17/33 MP: 3/3
   911 | D:2      | Noticed Robin
   949 | D:2      | Killed Robin
   949 | D:2      | Reached XP level 4. HP: 7/40 MP: 4/4
  1279 | D:2      | Found a radiant altar of Vehumet.
  1449 | D:2      | Noticed Jessica
  1457 | D:2      | Killed Jessica
  1490 | D:2      | Found a hazy altar of Hepliaklqana.
  1491 | D:2      | Noticed Sigmund
  1517 | D:2      | HP: 2/40 [something (9)]
  1519 | D:2      | Killed from afar by Sigmund

Skill      XL: |  1  2  3  4 |
---------------+-------------+-----
Fighting       | 4 |  4.1
Shields        | 4 |  4.2
Armour         | 4 |  4.1
Short Blades   | |  2.6
Dodging        | |  0.4
Stealth        | |  0.1

Action                   |  1- 3 |  4- 6 || total
-------------------------+-------+-------++-------
Melee: Rapier            |   135 |    22 ||   157
       Whip              |       |    24 ||    24
  Use: Scroll            |     4 |     2 ||     6
       Potion            |     1 |     1 ||     2
  Eat: Meat ration       |       |     1 ||     1
Armor: Chain mail        |   140 |    39 ||   179
Dodge: Dodged            |    52 |    12 ||    64
Block: Shield            |   119 |    25 ||   144
